 Dungeon Sprint DCSS version 0.19.0-11-g3fc08b3 (webtiles) character file.

328 equalderp2856 the Gouger (level 6, -21/33 HPs)
             Began as a Felid Fighter on Nov 8, 2016.
             Killed by an exploding ballistomycete spore (28 damage)
             ... set off by themself
             ... in the Dungeon (Sprint I: "Red Sonja").
             The game lasted 00:04:03 (926 turns).

equalderp2856 the Gouger (Felid Fighter)             Turns: 926, Time: 00:04:05

Health: -21/33     AC:  2    Str: 14    XL:     6   Next: 25%
Magic:  7/7        EV: 26    Int: 10    God:
Gold:   411        SH:  0    Dex: 15    Spells: 0 memorised, 5 levels left
                                        Lives:  0   Deaths: 2

rFire  . . .     SeeInvis +       - Unarmed
rCold  . . .     Gourm    .     (armour unavailable)
rNeg   . . .     Faith    .     (shield unavailable)
rPois  .         Spirit   .     (helmet unavailable)
rElec  .         Reflect  .     (cloak unavailable)
rCorr  .         Harm     .     (gloves unavailable)
MR     .....     NoTele   +     (boots unavailable)
Stlth  ++........               (no amulet)
                                (no ring)
                                (no ring)

@: confused, lethally poisoned (-21 -> -33), slowed, slow
A: no armour, no weapons or thrown items, stealth, claws 1, fangs 3, see
invisible, carnivore 3, speed 1, shaggy fur 2, slow metabolism 1, sharp paws
a: no special abilities


You were in the Dungeon.
You were not hungry.

You visited 1 branch You collected 411 gold pieces.

Inventory:

Hand Weapons
 j - a +0 quarterstaff
Missiles
 k - 11 stones
Scrolls
 h - a scroll of blinking
Potions
 a - a potion of might
 c - a potion of curing
 e - a potion of haste
 f - 2 potions of magic
 g - a potion of berserk rage
 i - a potion of cancellation {unknown}
Comestibles
 b - a meat ration


   Skills:
 + Level 7.5 Fighting
 + Level 11.3 Dodging
 + Level 5.1 Stealth
 + Level 14.3 Unarmed Combat


You had 5 spell levels left.
You didn't know any spells.

Dungeon Overview and Level Annotations

Branches:
Dungeon (1/1)

Altars:
Cheibriados
Dithmenos
Elyvilon
Fedhas
Gozag
Hepliaklqana
Kikubaaqudgha
Makhleb
Nemelex Xobeh
Okawaru
Qazlal
Ru
Sif Muna
Trog
Uskayaw
Vehumet
Xom
Yredelemnul
Zin
The Shining One
Jiyva
Lugonu

Shops:
D [

Annotations:
D Sonja


Innate Abilities, Weirdness & Mutations

You cannot wear armour.
You are incapable of wielding weapons or throwing items.
Your paws allow you to move quietly. (Stealth)
You have sharp claws.
You have razor-sharp teeth.
You have supernaturally acute eyesight. (SInv)
You are carnivorous and can eat meat at any time.
You cover ground quickly.
You are covered in thick fur. (AC +2)
You have a slow metabolism.
Your sharp claws are effective at attacking unaware monsters.


Message History

The demonic crawler misses you.
You open the door. 2 ballistomycete spores come into view.
You feel sick. The demonic crawler closely misses you.
The demonic crawler misses you. The demonic crawler closely misses you.
The demonic crawler completely misses you.
The demonic crawler closely misses you. The demonic crawler hits you.
* * * LOW HITPOINT WARNING * * *
Found five items.
* * * LOW HITPOINT WARNING * * *
You feel sick.
Found 54 gold pieces.
There is an open door here.
You pounce on the unaware helpless ballistomycete spore!
You eviscerate the ballistomycete spore!!!
The ballistomycete spore explodes!
The explosion of spores engulfs you!
You are confused.
Ouch! That really hurt!
You die...

#..#_____##'#..+≈§§
#⌠⌠#_.∩...'..._#§≈≈.c#
####_..__##_.#'##+####
#_____###'#.#
#########(###


+$K$+ #$.$# ##s## #@# #$!$*$# #$(?($# ####### You could see a demonic crawler,
Sonja and a ballistomycete spore (dormant).

Vanquished Creatures
  2 kobold demonologists (D)
  A slime creature (D)
  Sigmund (D)
  A yak (D)
  A floating eye (D)
  An ogre (D)
  A jelly (D)
  Ijyb (D)
9 creatures vanquished.

Vanquished Creatures (others)
  A gargoyle (D)
1 creature vanquished.

Grand Total: 10 creatures vanquished

Notes
Turn   | Place    | Note
-------+----------+-------------------------------------------
     0 | D        | equalderp2856 the Felid Fighter began the quest for the Orb.
     0 | D        | Reached XP level 1. HP: 10/10 MP: 2/2
     2 | D        | Noticed Ijyb
    12 | D        | Killed Ijyb
    12 | D        | Reached skill level 5 in Dodging
    12 | D        | Reached skill level 6 in Unarmed Combat
    12 | D        | Reached XP level 2. HP: 6/15 MP: 3/3
   185 | D        | Noticed an ogre
   194 | D        | Killed an ogre
   194 | D        | Reached skill level 8 in Unarmed Combat
   194 | D        | Reached XP level 3. HP: 19/19 MP: 4/4
   194 | D        | Reached XP level 4. HP: 22/22 MP: 5/5
   198 | D        | Noticed Sigmund
   206 | D        | Killed Sigmund
   206 | D        | Reached skill level 5 in Fighting
   206 | D        | Reached skill level 10 in Unarmed Combat
   206 | D        | Reached XP level 5. HP: 27/27 MP: 6/6
   206 | D        | Gained mutation: You are covered in thick fur. (AC +2) [Felid growth]
   206 | D        | Reached XP level 6. HP: 31/31 MP: 7/7
   244 | D        | Found a deep blue altar of Sif Muna.
   246 | D        | Found a radiant altar of Vehumet.
   276 | D        | Noticed Sonja
   279 | D        | Found Doybu's Armour Emporium.
   279 | D        | Found an ancient bone altar of Kikubaaqudgha.
   279 | D        | Found a hazy altar of Hepliaklqana.
   279 | D        | Found a stormy altar of Qazlal.
   279 | D        | Found a hide-covered altar of Uskayaw.
   279 | D        | Found a blossoming altar of Fedhas.
   279 | D        | Found a bloodstained altar of Trog.
   279 | D        | Found an iron altar of Okawaru.
   279 | D        | Found a basalt altar of Yredelemnul.
   279 | D        | Found a glowing golden altar of the Shining One.
   279 | D        | Found a snail-covered altar of Cheibriados.
   279 | D        | Found a sacrificial altar of Ru.
   279 | D        | Found a glowing silver altar of Zin.
   279 | D        | Found a shadowy altar of Dithmenos.
   279 | D        | Found a white marble altar of Elyvilon.
   279 | D        | Noticed a yak
   280 | D        | Found an opulent altar of Gozag.
   281 | D        | Killed a yak
   281 | D        | Reached skill level 1 in Stealth
   281 | D        | Reached skill level 11 in Unarmed Combat
   282 | D        | Found a sparkling altar of Nemelex Xobeh.
   311 | D        | Killed a gargoyle
   336 | D        | Noticed a centaur warrior
   341 | D        | Noticed a centaur warrior
   346 | D        | Found a burning altar of Makhleb.
   346 | D        | Found a viscous altar of Jiyva.
   346 | D        | Found a shimmering altar of Xom.
   346 | D        | Found a corrupted altar of Lugonu.
   346 | D        | Noticed a slime creature
   664 | D        | Killed a slime creature
   664 | D        | Reached skill level 10 in Dodging
   664 | D        | Reached skill level 12 in Unarmed Combat
   664 | D        | Reached XP level 7. HP: 23/35 MP: 8/8
   800 | D        | Noticed a kobold demonologist
   801 | D        | Noticed a kobold demonologist
   803 | D        | Reached skill level 13 in Unarmed Combat
   808 | D        | Killed a kobold demonologist
   813 | D        | Noticed an orange demon
   820 | D        | Killed a kobold demonologist
   820 | D        | Reached skill level 5 in Stealth
   820 | D        | Reached skill level 14 in Unarmed Combat
   820 | D        | Reached XP level 8. HP: 29/40 MP: 9/9
   852 | D        | Noticed a demonic crawler
   852 | D        | Noticed a demonic crawler
   852 | D        | Noticed a demonic crawler
   852 | D        | Noticed a demonic crawler
   877 | D        | Slain by a demonic crawler
   878 | D        | Reached XP level 7. HP: -3/36 MP: 8/8
   909 | D        | Slain by a demonic crawler
   910 | D        | Reached XP level 6. HP: 0/33 MP: 7/7
   926 | D        | Killed by an exploding ballistomycete spore... set off by themself

Skill      XL: |  1  2  3  4  5  6  7 |
---------------+----------------------+-----
Dodging        | 5 6 8 10 11 | 11.3
Unarmed Combat | 6 8 10 12 14 | 14.3
Fighting       | 4 5 6 7 |  7.5
Stealth        | 3 5 |  5.1

Action                   |  1- 3 |  4- 6 |  7- 9 || total
-------------------------+-------+-------+-------++-------
Melee: Unarmed           |    15 |    23 |    28 ||    66
       Bite              |     2 |     5 |     5 ||    12
       Punch             |       |       |     3 ||     3
  Use: Potion            |       |       |     1 ||     1
 Stab: Sleeping          |     1 |     2 |       ||     3
       Distracted        |       |     1 |       ||     1
  Eat: Chunk             |       |     1 |       ||     1
Armor: Skin              |       |     1 |     5 ||     6
Dodge: Dodged            |     7 |    31 |    35 ||    73
